2599 views
Uploaded 2023-12-24 10:48:43
Game version 1.36 (6115)
18:26 long 1on1 custom game on (2)LastRefuge
Game name "fcfdsfds"
Saved by dexon
2599 views
Uploaded 2023-12-24 10:48:43
Game version 1.36 (6115)
18:26 long 1on1 custom game on (2)LastRefuge
Game name "fcfdsfds"

39 units @ 4.7k
/ 1k
13 buildings @ 2.3k
/ 1k


| Potion of Healing | 2 | 300 |
| Staff of Preservation | 1 | 150 |
| Moonstone | 2 | 100 |
| Scroll of Healing | 1 | 250 |
| Scroll of Town Portal | 1 | 350 |
| Boots of Speed | 1 | 250 |
| Circlet of Nobility | 1 | 175 |
| total: | 9 | 1575g |
| Wisp | 21 | 1260 | / | 0 |
| Archer | 4 | 520 | / | 40 |
| Dryad | 6 | 870 | / | 360 |
| Druid of the Claw | 8 | 2040 | / | 640 |
| total: | 39 | 4690g | / | 1040w |
| Altar of Elders | 1 | 180 | / | 50 |
| Moon Well | 5 | 900 | / | 200 |
| Ancient of War | 2 | 300 | / | 120 |
| Hunter's Hall | 1 | 210 | / | 100 |
| Ancient of Wonders | 1 | 90 | / | 30 |
| Tree of Life | 1 | 340 | / | 185 |
| Ancient of Lore | 2 | 310 | / | 290 |
| Tree of Ages | 1 | 320 | / | 180 |
| Tree of Eternity | 1 | 330 | / | 200 |
| total: | 13 | 2330g | / | 975w |
| 0:01 | Wisp |
| 0:02 | Wisp |
| 0:05 | Altar of Elders |
| 0:17 | Moon Well |
| 0:24 | Ancient of War |
| 0:31 | Wisp |
| 0:39 | Wisp |
| 0:46 | Wisp |
| 0:54 | Wisp |
| 1:24 | Wisp |
| 1:28 | Archer |
| 1:31 | Wisp |
| 1:38 | Moon Well |
| 2:06 | Shadow Strike |
| 2:55 | Tree of Ages |
| 3:01 | Archer |
| 3:02 | Archer |
| 3:16 | Hunter's Hall |
| 3:45 | Fan of Knives |
| 3:58 | Ancient of War |
| 4:15 | Boots of Speed |
| 4:16 | Circlet of Nobility |
| 4:22 | Moon Well |
| 5:18 | Ancient of Lore |
| 5:22 | Wisp |
| 5:22 | Wisp |
| 5:22 | Wisp |
| 6:05 | Wisp |
| 6:14 | Ancient of Lore |
| 6:18 | Archer |
| 6:24 | Fan of Knives |
| 6:27 | Wisp |
| 6:32 | Ancient of Wonders |
| 6:35 | Dryad |
| 6:55 | Wisp |
| 7:17 | Frost Arrows |
| 7:48 | Dryad |
| 8:05 | Wisp |
| 8:25 | Forked Lightning |
| 8:41 | Abolish Magic |
| 8:50 | Tree of Eternity |
| 9:16 | Druid of the Claw Adept Training |
| 9:19 | Druid of the Claw |
| 9:39 | Scroll of Healing |
| 9:45 | Moon Well |
| 9:49 | Moon Well |
| 10:15 | Strength of the Wild |
| 10:35 | Potion of Healing |
| 10:36 | Staff of Preservation |
| 10:36 | Moonstone |
| 11:04 | Druid of the Claw |
| 11:07 | Shadow Strike |
| 11:17 | Druid of the Claw Master Training |
| 11:26 | Wisp |
| 11:33 | Druid of the Claw |
| 11:50 | Druid of the Claw |
| 12:57 | Druid of the Claw |
| 13:01 | Forked Lightning |
| 13:22 | Potion of Healing |
| 13:27 | Druid of the Claw |
| 14:12 | Tree of Life |
| 14:26 | Dryad |
| 14:28 | Dryad |
| 15:01 | Well Spring |
| 15:17 | Fan of Knives |
| 15:34 | Druid of the Claw |
| 15:38 | Wisp |
| 15:50 | Moonstone |
| 16:02 | Druid of the Claw |
| 16:15 | Scroll of Town Portal |
| 16:26 | Dryad |
| 16:54 | Frost Arrows |
| 17:30 | Dryad |
| 17:32 | Wisp |
| 17:32 | Wisp |
| 17:32 | Wisp |
| 17:32 | Wisp |
| Right click | 893 |
| Select | 360 |
| Select group | 268 |
| Build/train/purchase | 110 |
| Assign group | 63 |
| Use ability | 47 |
| Misc. action | 6 |
| Item give/drop | 4 |
44 units @ 7k
/ 0.9k
17 buildings @ 1.7k
/ 0.7k


| Lesser Clarity Potion | 4 | 280 |
| Potion of Healing | 2 | 300 |
| Potion of Mana | 1 | 200 |
| Scroll of Regeneration | 2 | 200 |
| Scroll of Healing | 1 | 250 |
| Circlet of Nobility | 1 | 175 |
| total: | 11 | 1405g |
| Peasant | 10 | 750 | / | 0 |
| Footman | 6 | 810 | / | 0 |
| Rifleman | 15 | 3075 | / | 450 |
| Priest | 2 | 270 | / | 20 |
| Spell Breaker | 6 | 1290 | / | 180 |
| Sorceress | 2 | 310 | / | 40 |
| Mortar Team | 3 | 540 | / | 210 |
| total: | 44 | 7045g | / | 900w |
| Scout Tower | 1 | 30 | / | 20 |
| Arcane Tower | 1 | 70 | / | 50 |
| Altar of Kings | 1 | 180 | / | 50 |
| Farm | 10 | 800 | / | 200 |
| Barracks | 1 | 160 | / | 60 |
| Blacksmith | 1 | 140 | / | 60 |
| Arcane Vault | 1 | 130 | / | 30 |
| Arcane Sanctum | 1 | 150 | / | 140 |
| Workshop | 1 | 140 | / | 140 |
| Keep | 1 | 320 | / | 210 |
| total: | 17 | 1730g | / | 700w |
| 0:02 | Peasant |
| 0:02 | Peasant |
| 0:07 | Altar of Kings |
| 0:12 | Farm |
| 0:16 | Barracks |
| 0:24 | Peasant |
| 0:38 | Peasant |
| 0:48 | Farm |
| 1:15 | Peasant |
| 1:17 | Footman |
| 1:23 | Peasant |
| 1:31 | Peasant |
| 1:36 | Footman |
| 1:44 | Peasant |
| 1:50 | Farm |
| 2:10 | Summon Water Elemental |
| 2:21 | Footman |
| 2:23 | Peasant |
| 2:54 | Peasant |
| 3:09 | Keep |
| 3:52 | Footman |
| 3:55 | Blacksmith |
| 4:01 | Arcane Vault |
| 4:04 | Farm |
| 4:07 | Farm |
| 4:17 | Footman |
| 4:47 | Footman |
| 4:50 | Scout Tower |
| 5:19 | Arcane Tower |
| 5:27 | Rifleman |
| 5:30 | Arcane Sanctum |
| 5:47 | Circlet of Nobility |
| 6:15 | Rifleman |
| 6:26 | Priest |
| 6:33 | Lesser Clarity Potion |
| 6:38 | Storm Bolt |
| 7:00 | Rifleman |
| 7:06 | Farm |
| 8:02 | Rifleman |
| 8:03 | Priest |
| 8:05 | Spell Breaker |
| 8:13 | Brilliance Aura |
| 8:17 | Lesser Clarity Potion |
| 8:30 | Black Gunpowder |
| 8:44 | Potion of Healing |
| 8:44 | Potion of Mana |
| 9:09 | Scroll of Healing |
| 9:16 | Thunder Clap |
| 9:23 | Rifleman |
| 9:37 | Sorceress |
| 9:46 | Farm |
| 10:23 | Rifleman |
| 10:24 | Spell Breaker |
| 10:34 | Brilliance Aura |
| 10:51 | Rifleman |
| 11:06 | Refined Gunpowder |
| 11:18 | Storm Bolt |
| 11:24 | Rifleman |
| 11:51 | Farm |
| 12:54 | Summon Water Elemental |
| 13:42 | Rifleman |
| 13:43 | Rifleman |
| 13:44 | Spell Breaker |
| 13:44 | Spell Breaker |
| 13:50 | Workshop |
| 14:02 | Lesser Clarity Potion |
| 14:14 | Spell Breaker |
| 14:17 | Rifleman |
| 14:24 | Potion of Healing |
| 14:45 | Sorceress |
| 15:00 | Farm |
| 15:14 | Rifleman |
| 15:34 | Mortar Team |
| 15:37 | Scroll of Regeneration |
| 15:52 | Lesser Clarity Potion |
| 16:06 | Rifleman |
| 16:14 | Farm |
| 17:06 | Thunder Clap |
| 17:26 | Mortar Team |
| 17:28 | Rifleman |
| 17:29 | Spell Breaker |
| 17:50 | Scroll of Regeneration |
| 17:57 | Rifleman |
| 18:07 | Mortar Team |
| Right click | 764 |
| Select | 391 |
| Select group | 331 |
| Build/train/purchase | 117 |
| Assign group | 61 |
| Misc. action | 42 |
| Use ability | 15 |
| Chat | 4 |
| Item give/drop | 3 |
| Remove unit | 1 |
| Esc | 1 |